AoeStats
← andreward10

Arena

507193756Analyzed
4v4 RM · 16d ago on Sep 17, 2026· 29m 2s· 8 players
Game mode
Random Map
Map size
Large (8 player)
Population
200
Speed
Normal
Resources
Standard
Victory
Conquest
Starting age
Dark Age
Ending age
Imperial Age
RankedLock teamsTeams togetherTeam positionsShared explorationLock speedFull tech treeHidden civsTurbo modeCheats
Victory
Defeat
🇲🇽 Turks · Mexico
1021
+9
🇲🇽 Spanish · Mexico
933
+13
🇲🇽 Romans · Mexico
670
+23
🇲🇽 Spanish · Mexico
611
+25
🇪🇨 Maya · Ecuador
884
-19
🇪🇨 Chinese · Ecuador
873
-19
🇦🇷 Lithuanians · Argentina
862
-18
🇪🇨 Franks · Ecuador
760
-14
sebchenko34
0:42 Loom
10:15 Feudal Age
10:55 Double-Bit Axe
12:04 Horse Collar
19:59 Castle Age
18:33 Fletching
19:18 Gold Mining
22:28 Wheelbarrow
23:13 Heavy Plow
26:15 Eagle Warrior
KAISER962605
10:29 Feudal Age
11:16 Double-Bit Axe
11:58 Horse Collar
19:05 Castle Age
17:29 Stone Mining
17:56 Gold Mining
18:21 Fletching
22:57 Bodkin Arrow
john.civildem
10:43 Feudal Age
12:05 Wheelbarrow
11:49 Double-Bit Axe
13:11 Gold Mining
14:25 Stone Mining
24:04 Castle Age
22:23 Scale Barding Armor
22:35 Scale Mail Armor
GordoBasofia
11:28 Feudal Age
15:24 Castle Age
14:08 Double-Bit Axe
14:35 Horse Collar
16:48 Bow Saw
23:38 Scale Barding Armor
26:23 Husbandry
26:34 Bloodlines
27:36 Chain Barding Armor
27:27 Forging
28:19 Wheelbarrow
Ricardio
3:13 Loom
11:48 Feudal Age
12:09 Horse Collar
17:19 Castle Age
19:40 Gold Mining
Tony mastroeni
0:54 Loom
13:55 Feudal Age
15:55 Double-Bit Axe
15:52 Horse Collar
21:06 Castle Age
25:43 Man-at-Arms
26:26 Squires
morroko86
12:33 Feudal Age
11:25 Loom
18:52 Castle Age
19:22 Wheelbarrow
21:25 Forging
22:43 Hand Cart
andreward10
11:50 Feudal Age
13:36 Double-Bit Axe
17:29 Castle Age
16:00 Horse Collar
19:08 Loom
22:55 Imperial Age
Connection lost

Rejoining the realm…

Still unreachable

The connection could not be restored.

Session expired

The server has moved on; the page needs a fresh start.